 Dungeon Crawl Stone Soup version 0.30-a0-867-g305f33218d (webtiles) character file.

Game seed: 1987621782860728901

9760 jasper the Grappler (level 11, -2/85 HPs)
             Began as a Demonspawn Gladiator on Mar 10, 2023.
             Was a High Priest of Jiyva.
             Slain by a gnoll sergeant
             ... wielding a +0 glaive
              (17 damage)
             ... in a bailey.
             The game lasted 00:19:14 (8881 turns).

jasper the Grappler (Demonspawn Gladiator)          Turns: 8881, Time: 00:19:15

Health: -2/85      AC: 16    Str: 18    XL:     11   Next: 27%
Magic:  11/11      EV: 15    Int: 13    God:    Jiyva [*****.]
Gold:   132        SH:  6    Dex: 14    Spells: 10/10 levels left

rFire   . . .      SeeInvis +      - Unarmed
rCold   + . .      Faith    .    r - +1 buckler
rNeg    . . .      Spirit   .    f - +4 scale mail {rC+}
rPois   .          Reflect  .    (helmet unavailable)
rElec   +          Rampage  .    C - +0 cloak
rCorr   +                        (no gloves)
Will    +....                    D - +2 pair of boots Stlth
                                 E - amulet of regeneration
HPRegen 2.58/turn                j - ring of willpower
MPRegen 0.57/turn                (no ring)

@: weakened, calling ooze
A: antennae 3, hooves 1, foul stench 1, powered by pain 2, demonic touch 2,
clever 1, passive freeze, electricity resistance, gelatinous body 3, pseudopods
2, evolution 2, jelly sensing items, engulf
a: Renounce Religion, Oozemancy, Slimify


You were in a bailey.
You worshipped Jiyva.
Jiyva was extremely pleased with you.
You visited 2 branches of the dungeon, and saw 11 of its levels.
You also visited: Ossuary and Bailey.

You collected 1046 gold pieces.
You spent 914 gold pieces at shops.

Inventory:

Hand Weapons
 a - a +1 war axe
 h - a +1 dagger of venom
Missiles
 d - 9 throwing nets
 e - a javelin
 l - 50 stones (quivered)
Armour
 b - a +0 leather armour
 c - a +0 helmet
 f - a +4 scale mail of cold resistance (worn)
 r - a +1 buckler (worn)
 C - a +0 cloak (worn)
 D - a +2 pair of boots (worn)
Jewellery
 j - a ring of willpower (left hand)
 q - a ring of magical power
 E - an amulet of regeneration (around neck)
Scrolls
 n - a scroll of poison
 o - 4 scrolls of silence
 p - 2 scrolls of blinking
 v - a scroll of immolation
 w - 5 scrolls of noise
 y - 5 scrolls of teleportation
 B - 3 scrolls of identify
 G - a scroll of enchant armour
Potions
 g - 4 potions of heal wounds
 i - 2 potions of attraction
 k - a potion of ambrosia {unknown}
 m - 2 potions of haste
 s - 3 potions of curing
 t - 3 potions of mutation
 u - a potion of flight {unknown}
 x - 2 potions of might
 z - a potion of invisibility
 A - 3 potions of cancellation
 F - a potion of brilliance {unknown}
 H - a potion of lignification


   Skills:
 + Level 7.7 Fighting
 - Level 5.0 Axes
 - Level 1.7 Throwing
 + Level 6.5 Armour
 + Level 7.3 Dodging
 - Level 4.0 Shields
 * Level 9.6 Unarmed Combat


You had 10 spell levels left.
You didn't know any spells.
Your spell library contained the following spells:

 Spells                   Type           Power      Damage    Failure   Level
 Inner Flame              Hex/Fire       0%         N/A       98%         3
 Flame Wave               Conj/Fire      0%         2d4       100%        4
 Sticky Flame             Conj/Fire      0%         2d3       100%        4


Dungeon Overview and Level Annotations

Branches:
Dungeon (10/15)            Temple (1/1) D:6            Lair (0/5) D:8
    Orc (0/2) D:9         Ossuary (visited)          Bailey (1/1)

Altars:
Ashenzari
Cheibriados
Dithmenos
Fedhas
Gozag
Hepliaklqana
Kikubaaqudgha
Makhleb
Nemelex Xobeh
Okawaru
Qazlal
Ru
Sif Muna
Trog
Uskayaw
Wu Jian
Xom
Yredelemnul
Jiyva

Shops:
D:2 *[?((   D:3 ?[[(=   D:9 ?


Innate Abilities, Weirdness & Mutations

You have a pair of large antennae on your head. (SInv)
You have large cloven feet.
You may rarely emit foul miasma when damaged in melee.
You sometimes gain power by taking damage.
Your touch may inflict irresistible damage on your foes.
Your mind is acute. (Int +4, Str/Dex -1)
A frigid envelope surrounds you and freezes all who hurt you.
You are resistant to electric shocks. (rElec)
Your gelatinous body deflects attacks. (AC +3, EV +3)
Armour fits poorly on your large pseudopods.
You have great hidden genetic potential.
You have a small jelly attached to you that senses nearby items.
Your melee attacks may engulf your foes in ooze.


Message History

The gnoll bouda closely misses you.
You take 6 damage, and have 27/85 hp.
You hit the gnoll sergeant.
You engulf the gnoll sergeant in ooze!
The gnoll sergeant is almost dead.
The gnoll sergeant is no longer moving quickly.
The gnoll sergeant is asphyxiated!
You kill the gnoll sergeant!
The wall burns the gnoll bouda!
The gnoll bouda barks out a call to the hunt!
The gnolls pick up the pace!
The gnoll sergeant hits you from afar with a +0 glaive.
* * * LOW HITPOINT WARNING * * *
The gnoll sergeant hits you with a +0 glaive.
* * * LOW HITPOINT WARNING * * *
The gnoll sergeant is very cold.
The gnoll sergeant is moderately wounded.
You take 9 damage, and have 18/85 hp.
The gnoll sergeant attacks as you move away!
The gnoll sergeant barely misses you.
The gnoll bouda attacks as you move away!
The gnoll bouda misses you.
The gnoll bouda calls upon its god to heal the gnoll sergeant.
The gnoll sergeant is healed somewhat.
The gnoll sergeant closely misses you.
The gnoll bouda gazes fiercely through you!
You feel as though you will be weak longer.
You regained 2 hp, and now have 20/85 hp.
The wall burns the gnoll sergeant!
You regained 3 hp, and now have 23/85 hp.
The wall burns the gnoll sergeant!
The gnoll sergeant hits you from afar with a +0 glaive!
* * * LOW HITPOINT WARNING * * *
The jelly hits the gnoll sergeant but does no damage.
The gnoll sergeant hits the jelly with a +0 glaive!!
The gnoll sergeant is burned by acid!
The wall burns the gnoll bouda!
The gnoll bouda gazes fiercely through you!
You feel as though you will be weak longer.
You take 10 damage, and have 13/85 hp.
The wall burns the gnoll sergeant!
The gnoll sergeant hits you from afar with a +0 glaive!
You die...

♣♣♣♣♣♣♣♣♣♣♣♣
≈≈≈≈≈≈≈≈≈≈≈
.........
......
#####...#
##...#..{#
##....'...+
#.....#.).#
#8...@##J##
#.JJJ##...##
#.gg##.....##
#.gg#...J...#
{
#).{#...8...#
#..g#.......#
#...##.....##
#....##...##
{ #8...
##'##{{{{


You could see 2 gnoll sergeants, 2 gnoll boudas and 3 neutral jellies (fellow
slime).

Vanquished Creatures
  4 molten gargoyles (D:9)
  2 komodo dragons
  2 trolls
  2 wyverns
  Eustachio (D:5)
  2 wraiths (D:10)
  10 yaks
  2 ice beasts
  9 orc warriors
  2 ogres
  A sky beast (D:7)
  A black bear (D:8)
  2 wolves (Bailey)
  4 centaurs
  A kobold brigand (D:6)
  9 bullfrogs
  5 gnoll sergeants
  3 scorpions
  7 wights
  5 killer bees (D:8)
  An electric eel (D:8)
  A howler monkey (D:6)
  A centaur zombie (Ossuary)
  7 hounds
  A lava snake (D:9)
  A human zombie (D:4)
  7 orc priests
  Crazy Yiuf (D:5)
  4 gnoll boudas
  Jessica (D:3)
  3 human skeletons (D:4)
  2 iguanas
  A sleepcap (D:6)
  9 orc wizards
  4 mummies (Ossuary)
  8 adders
  22 gnolls
  A shadow imp (D:6)
  2 white imps
  An ufetubus (D:5)
  54 orcs
  8 ball pythons
  4 bats
  4 endoplasms
  12 goblins
  5 hobgoblins
  A frilled lizard (D:1)
  A gnoll zombie (Ossuary)
  A goblin zombie (Ossuary)
  3 hobgoblin zombies (Ossuary)
  5 kobolds
  2 orc skeletons (D:4)
  An orc zombie (Ossuary)
  8 rats
261 creatures vanquished.

Vanquished Creatures (collateral kills)
  A komodo dragon (D:8)
1 creature vanquished.

Vanquished Creatures (others)
  A vampire (D:9)
  A wyvern (D:9)
  Menkaure (D:5)
  A water moccasin (D:8)
  A black bear (D:4)
  2 bullfrogs (D:8)
  2 scorpions
  24 jellies
  An orc priest (D:9)
  A hound (D:6)
  A human zombie (Ossuary)
  A sleepcap (D:6)
  An iguana (D:6)
  An orc wizard (D:5)
  An adder (D:5)
  7 orcs
  2 endoplasms (D:4)
  2 goblins
  A kobold (D:6)
  43 fungi (D:8)
  69 plants
164 creatures vanquished.

Grand Total: 426 creatures vanquished

Notes
Turn   | Place    | Note
-------+----------+-------------------------------------------
     0 | D:1      | jasper the Demonspawn Gladiator began the quest for the
                  | Orb.
     0 | D:1      | Reached XP level 1. HP: 16/16 MP: 1/1
   396 | D:1      | Gained mutation: You sometimes gain a little power by
                  | taking damage. [demonic ancestry]
   396 | D:1      | Reached XP level 2. HP: 22/22 MP: 2/2
  1154 | D:1      | Found a shimmering altar of Xom.
  1158 | D:1      | Identified a scroll of acquirement
  1158 | D:1      | Acquired 354 gold pieces
  1212 | D:2      | Found Zuhu's Weapon Shop.
  1233 | D:2      | Found Fiodgh's Antique Weapon Boutique.
  1268 | D:2      | Found Wogahecue's Antique Armour Shop.
  1278 | D:2      | Bought a runed scale mail for 161 gold pieces
  1447 | D:2      | Gained mutation: You sometimes gain power by taking damage.
                  | [demonic ancestry]
  1447 | D:2      | Reached XP level 3. HP: 13/27 MP: 3/3
  1502 | D:2      | Found Eredim's General Store.
  1505 | D:2      | Found a faded altar of an unknown god.
  1518 | D:2      | Bought a potion of haste for 130 gold pieces
  1518 | D:2      | Bought a scroll of poison for 52 gold pieces
  1745 | D:2      | Found Tihefyeb's Magic Scroll Shoppe.
  1761 | D:2      | Bought a scroll of blinking for 97 gold pieces
  1840 | D:3      | Found Cegod's Magic Scroll Shop.
  1863 | D:3      | Discovered your monstrous ancestry.
  1863 | D:3      | Gained mutation: You have large cloven feet. [demonic
                  | ancestry]
  1863 | D:3      | Reached XP level 4. HP: 33/33 MP: 4/4
  1912 | D:3      | Noticed Jessica
  1929 | D:3      | Killed Jessica
  1944 | D:3      | Found Adweyd's Antique Armour Emporium.
  2079 | D:3      | Found Muariki's Jewellery Emporium.
  2096 | D:3      | Reached skill level 5 in Axes
  2159 | D:2      | Prayed at the altar of an unknown god.
  2159 | D:2      | Became a worshipper of Jiyva Jezevees the Shapeless
  2159 | D:2      | Reached * piety under Jiyva
  2382 | D:3      | Found Bufrudd's Weapon Shoppe.
  2405 | D:3      | Found an opulent altar of Gozag.
  2425 | D:3      | Found Vuutyquu's Antique Armour Shoppe.
  2444 | D:3      | Found an ornate altar of the Wu Jian Council.
  2564 | D:4      | Gained mutation: You have a pair of small antennae on your
                  | head. [demonic ancestry]
  2564 | D:4      | Reached XP level 5. HP: 38/38 MP: 5/5
  2577 | D:4      | Reached skill level 1 in Unarmed Combat
  2643 | D:4      | Reached skill level 1 in Armour
  2673 | D:4      | Found a sand-covered staircase.
  2677 | D:4      | Reached skill level 2 in Unarmed Combat
  2677 | D:4      | Reached XP level 6. HP: 46/46 MP: 6/6
  2680 | Ossuary  | Entered an ossuary
  2680 | Ossuary  | Reached ** piety under Jiyva
  2977 | D:4      | Reached skill level 3 in Unarmed Combat
  2977 | D:4      | Gained mutation: Your touch may inflict minor irresistible
                  | damage on your foes. [demonic ancestry]
  2977 | D:4      | Reached XP level 7. HP: 25/52 MP: 7/7
  3398 | D:4      | Reached *** piety under Jiyva
  3423 | D:4      | Gained mutation: You are resistant to electric shocks.
                  | (rElec) [Jiyva's grace]
  3423 | D:4      | Gained mutation: Armour fits poorly on your pseudopods.
                  | [Jiyva's grace]
  3423 | D:4      | Gained mutation: Armour fits poorly on your large
                  | pseudopods. [Jiyva's grace]
  3423 | D:4      | Gained mutation: Armour fits poorly on your massive
                  | pseudopods. [Jiyva's grace]
  3549 | D:5      | Entered Level 5 of the Dungeon
  3618 | D:5      | Reached skill level 4 in Unarmed Combat
  3690 | D:5      | Reached **** piety under Jiyva
  3811 | D:5      | Gained mutation: Your touch may inflict irresistible damage
                  | on your foes. [demonic ancestry]
  3811 | D:5      | Reached XP level 8. HP: 60/60 MP: 8/8
  3875 | D:5      | Found a runed translucent door.
  3876 | D:5      | Noticed Crazy Yiuf
  3886 | D:5      | Killed Crazy Yiuf
  3987 | D:5      | Found a sacrificial altar of Ru.
  3988 | D:5      | Found a blossoming altar of Fedhas.
  3990 | D:5      | Noticed a troll
  4011 | D:5      | Killed a troll
  4055 | D:5      | Found a snail-covered altar of Cheibriados.
  4056 | D:5      | Found a basalt altar of Yredelemnul.
  4062 | D:5      | Found a shimmering blue altar of Sif Muna.
  4111 | D:5      | Noticed Eustachio
  4124 | D:5      | Killed Eustachio
  4125 | D:5      | Reached skill level 5 in Unarmed Combat
  4278 | D:5      | Noticed a komodo dragon
  4290 | D:5      | Killed a komodo dragon
  4291 | D:5      | Reached skill level 5 in Fighting
  4291 | D:5      | Reached skill level 5 in Dodging
  4312 | D:5      | Killed Menkaure
  4847 | D:6      | Reached skill level 6 in Unarmed Combat
  4850 | D:6      | Gained mutation: You have a pair of antennae on your head.
                  | [demonic ancestry]
  4850 | D:6      | Reached XP level 9. HP: 52/68 MP: 7/9
  4997 | D:6      | Found a staircase to the Ecumenical Temple.
  5074 | D:6      | Gained mutation: A frigid envelope surrounds you and
                  | freezes all who hurt you. [Jiyva's grace]
  5074 | D:6      | Gained mutation: Your melee attacks may engulf your foes in
                  | ooze. [Jiyva's grace]
  5074 | D:6      | Gained mutation: You are partially covered in iridescent
                  | scales. (AC +2) [Jiyva's grace]
  5074 | D:6      | Gained mutation: You are mostly covered in iridescent
                  | scales. (AC +4) [Jiyva's grace]
  5751 | D:3      | Bought a buckler for 126 gold pieces
  5831 | Temple   | Entered the Ecumenical Temple
  6122 | D:7      | Reached ***** piety under Jiyva
  6147 | D:7      | Reached skill level 1 in Shields
  6919 | D:8      | Reached skill level 7 in Unarmed Combat
  7008 | D:8      | Lost mutation: You are mostly covered in iridescent scales.
                  | (AC +4) [Jiyva's grace]
  7008 | D:8      | Lost mutation: You are partially covered in iridescent
                  | scales. (AC +2) [Jiyva's grace]
  7008 | D:8      | Lost mutation: Armour fits poorly on your massive
                  | pseudopods. [Jiyva's grace]
  7008 | D:8      | Gained mutation: You have a pair of large antennae on your
                  | head. (SInv) [Jiyva's grace]
  7008 | D:8      | Gained mutation: Your rubbery body absorbs attacks. (AC +1,
                  | EV +1) [Jiyva's grace]
  7008 | D:8      | Gained mutation: Your pliable body absorbs attacks. (AC +2,
                  | EV +2) [Jiyva's grace]
  7008 | D:8      | Gained mutation: Your gelatinous body deflects attacks. (AC
                  | +3, EV +3) [Jiyva's grace]
  7049 | D:8      | Reached skill level 5 in Armour
  7132 | D:8      | Noticed a komodo dragon
  7142 | D:8      | Killed a komodo dragon
  7143 | D:8      | Reached XP level 10. HP: 77/77 MP: 10/10
  7197 | D:8      | Found a staircase to the Lair.
  7243 | D:8      | Reached skill level 8 in Unarmed Combat
  7311 | D:8      | Found a bloodstained altar of Trog.
  7568 | D:9      | Found Dashaiwn's Magic Scroll Shoppe.
  7576 | D:9      | Bought a scroll of teleportation for 48 gold pieces
  7668 | D:9      | Noticed a molten gargoyle
  7668 | D:9      | Noticed a molten gargoyle
  7676 | D:9      | Killed a molten gargoyle
  7679 | D:9      | Killed a molten gargoyle
  7685 | D:9      | Noticed a molten gargoyle
  7688 | D:9      | Killed a molten gargoyle
  7711 | D:9      | Noticed a molten gargoyle
  7719 | D:9      | Killed a molten gargoyle
  7788 | D:9      | Reached skill level 9 in Unarmed Combat
  7928 | D:9      | Gained mutation: You may rarely emit foul miasma when
                  | damaged in melee. [demonic ancestry]
  7928 | D:9      | Reached XP level 11. HP: 84/84 MP: 11/11
  7994 | D:9      | Found a staircase to the Orcish Mines.
  8303 | D:3      | Bought an amulet of regeneration for 300 gold pieces
  8436 | D:10     | Entered Level 10 of the Dungeon
  8593 | D:10     | Gained mutation: You have a small jelly attached to you
                  | that senses nearby items. [Jiyva's grace]
  8593 | D:10     | Gained mutation: You have hidden genetic potential.
                  | [Jiyva's grace]
  8593 | D:10     | Gained mutation: You have great hidden genetic potential.
                  | [Jiyva's grace]
  8593 | D:10     | Gained mutation: Your mind is acute. (Int +4, Str/Dex -1)
                  | [Jiyva's grace]
  8763 | D:10     | Found a flagged portal.
  8784 | Bailey   | Entered a bailey
  8864 | Bailey   | Identified the ring of the Slug {rElec rC+ Int-2 Dex+5}
  8881 | Bailey   | Slain by a gnoll sergeant

Illustrated notes

Levels and vault maps discovered:
D:1:      dpeg_arrival_water_altar, layout_basic
D:2:      layout_rooms, serial_shops,
          nicolae_shop_temple_entry_statues_fountains, shop,
          nicolae_shop_statue_plus, nicolae_lakefront_shop, shop,
          shapermc_ecumenical_altar_starsandcircs
D:3:      layout_loops_cross, mainiacjoe_overflow_catwalk_spiral, serial_shops,
          nicolae_diamond_shop, nicolae_shop_crystal, shop_statue,
          nicolae_diamond_shop, nicolae_shop_hallway_stairs, uniq_jessica
D:4:      layout_basic, nicolae_ossuary_entry_catacombs, moated_statue
D:5:      layout_layer_cave, grunt_temple_overflow_open,
          minmay_a_box_with_orc_wizards_in_it, uniq_eustachio,
          uniq_crazy_yiuf_cottage, uniq_menkaure
D:6:      minmay_polygon_palace, layout_basic, minmay_temple_entry_tees,
          corexii_shack
D:7:      layout_gridville, tso_altar
D:8:      layout_basic, trog_hazing_becter, due_lair_maze_entry_diamond,
          serial_bayou_lagoon_a
D:9:      layout_roguey [special_room_orc], hiddenorc1_lemuel, serial_shops,
          shop_statue, minivault_8
D:10:     layout_gridville, vehumet_crystals, enter_bailey_3, serial_shops,
          kennysheep_mini_moat
Temple:   hellmonk_temple_forest_ring
Bailey:   bailey_polearm_gnolls_kennysheep, bailey

Skill      XL: |  1  2  3  4  5  6  7  8  9 10 |
---------------+-------------------------------+-----
Axes           | 3 4 5 |  5.0
Unarmed Combat | 2 3 4 6 7 9 |  9.6
Armour         | 1 2 4 5 6 |  6.5
Dodging        | 3 4 5 6 7 |  7.3
Fighting       | 3 4 5 6 7 |  7.7
Shields        | 2 4 |  4.0
Throwing       | |  1.7

Action                     |  1- 3 |  4- 6 |  7- 9 | 10-12 || total
---------------------------+-------+-------+-------+-------++-------
  Melee: War axe           |    61 |   142 |       |       ||   203
         Kick              |       |    51 |    77 |       ||   128
         Unarmed           |       |       |   240 |   224 ||   464
         Touch             |       |       |    25 |       ||    25
         Pseudopods        |       |       |    45 |    65 ||   110
         Punch             |       |       |     6 |       ||     6
  Throw: Throwing net      |     1 |       |       |       ||     1
 Invoke: Oozemancy         |       |       |     3 |     4 ||     7
    Use: Scroll            |     4 |     8 |     3 |       ||    15
         Potion            |       |       |     1 |       ||     1
   Stab: Sleeping          |     1 |       |       |       ||     1
 Armour: Leather armour    |     6 |       |       |       ||     6
         Scale mail        |    19 |    49 |    58 |    76 ||   202
         Skin              |       |       |    16 |       ||    16
  Dodge: Dodged            |    27 |    72 |   103 |   165 ||   367
  Block: Buckler           |       |       |    10 |    89 ||    99

Table legend: (Time is in decaauts)
 A = Elapsed time spent in this place.
 B = Non-inter-level travel time spent in this place.
 C = Inter-level travel time spent in this place.
 D = Time resting spent in this place.
 E = Time spent auto-exploring this place.
 F = Levels seen in this place.
 G = Mean time per level.
                   A        B        C        D        E       F      G
               +--------+--------+--------+--------+--------+-----+--------+
         Total |   8905 |   7993 |    912 |    173 |   5871 |  13 |  685.0 |
       Dungeon |   8414 |   7508 |    906 |    173 |   5692 |  10 |  841.4 |
        Temple |    140 |    134 |      6 |      0 |    124 |   1 |  140.0 |
       Ossuary |    259 |    259 |      0 |      0 |     54 |   1 |  259.0 |
        Bailey |     90 |     90 |      0 |      0 |      1 |   1 |   90.0 |
               +--------+--------+--------+--------+--------+-----+--------+

Top non-repeatable levels by time:
     D:5: 1374 daAuts
     D:1: 1225 daAuts
     D:7: 924 daAuts
     D:6: 922 daAuts
     D:3: 826 daAuts
     D:4: 792 daAuts
     D:9: 692 daAuts
     D:8: 666 daAuts
     D:2: 643 daAuts
    D:10: 346 daAuts
 Ossuary: 259 daAuts
  Temple: 140 daAuts
  Bailey: 90 daAuts
